 Dungeon Crawl Stone Soup version 0.27.0-1-g7a089689b8 (webtiles) character file.

Game seed: 7777919434026439907

237010 freelancePsychic the Warrior (level 19, -15/168 HPs)
             Began as a Djinni Necromancer on Aug 3, 2021.
             Was the Champion of Makhleb.
             Killed from afar by an ironbound frostheart (29 damage)
             ... by creeping frost
             ... on level 2 of the Vaults on Aug 4, 2021.
             The game lasted 01:47:37 (35753 turns).

freelancePsychic the Warrior (Djinni Necromancer)  Turns: 35753, Time: 01:47:37

Health: -15/168    AC: 17    Str: 12    XL:     19   Next: 99%
Gold:   2708       EV: 18    Int: 39    God:    Makhleb [******] SH: 15 Dex: 17

rFire    + + +     SeeInvis +   i - +2 dagger (vorpal)
rCold    . . .     Faith    .   V - +2 kite shield
rNeg     . . .     Spirit   .   K - +4 troll leather armour
rPois    ∞         Reflect  .   J - +1 hat
rElec    +         Harm     .   q - scarf {rC+ rF+}
rCorr    .         Rampage  .   y - +2 pair of gloves
Will     ++...                  (boots unavailable)
Stlth    +++.......             R - amulet of Vitality {Regen+ HP+15}
HPRegen  2.38/turn              W - ring of Wufe {Str+5 Int+4 Dex+6 Stlth+}
MPRegen  0.00/turn              m - ring "Fulomm" {rElec Will+ AC+4 Int+6 Dex-3}

@: unable to read, flying
A: sickness immunity, fire resistance 2, cold vulnerability 1, float, innate
caster, hp casting, extra vitality 1, see invisible, clever 2, inability to read
while threatened
}: 2/15 runes: serpentine, barnacled
a: Renounce Religion, Minor Destruction, Lesser Servant of Makhleb, Major
Destruction, Greater Servant of Makhleb


You were on level 2 of the Vaults.
You worshipped Makhleb.
Makhleb was exalted by your worship.
You visited 7 branches of the dungeon, and saw 34 of its levels.
You also visited: Sewer, Gauntlet and Wizlab.

You collected 3993 gold pieces.
You spent 1285 gold pieces at shops.

Inventory:

Hand Weapons
 i - a +2 vorpal dagger (weapon)
 Q - the +8 demon trident "Rift" {distort, reach+}
   (You found it on level 4 of the Shoals)

   It warps and distorts space around it, and may blink, banish, or inflict
   extra damage upon those it strikes.
   Unwielding it can cause banishment or high damage.
   It can reach especially far, and its reaching attacks ignore other creatures
   in the way.
Armour
 q - a scarf of resistance (worn)
 y - a +2 pair of gloves (worn)
 J - a +1 hat (worn)
 K - a +4 troll leather armour (worn)
 S - a +1 cloak of stealth
 V - a +2 kite shield (worn)
Magical Staves
 C - a staff of air
Jewellery
 d - the ring "Tyun" {rF+ Will+ Str+2}
   (You acquired it on level 3 of the Dungeon)

   [ring of willpower]

   Str:       It affects your strength (+2).
   rF:        It protects you from fire.
   Will:      It increases your willpower.
 m - the ring "Fulomm" (right hand) {rElec Will+ AC+4 Int+6 Dex-3}
   (You acquired it in a sewer)

   [ring of protection]

   AC:        It affects your AC (+4).
   Int:       It affects your intelligence (+6).
   Dex:       It affects your dexterity (-3).
   rElec:     It insulates you from electricity.
   Will:      It increases your willpower.
 u - a ring of ice
 I - a ring of protection from fire
 N - the ring of the Marlin {Wiz rF+ Will- Str+3 Slay+3}
   (You found it on level 1 of the Lair of Beasts)

   [ring of wizardry]

   It improves your spell success rate.
   Str:       It affects your strength (+3).
   Slay:      It affects your accuracy & damage with ranged weapons and melee
   (+3).
   rF:        It protects you from fire.
   Will:      It decreases your willpower.
 P - a ring of protection from fire
 R - the amulet of Vitality (around neck) {Regen+ HP+15}
   (You bought it in a shop on level 7 of the Dungeon)

   [amulet of regeneration]

   HP:        It affects your health (+15).
   Regen:     It increases your rate of health regeneration.
 T - a +6 ring of dexterity
 W - the ring of Wufe (left hand) {Str+5 Int+4 Dex+6 Stlth+}
   (You found it in a Gauntlet)

   [ring of dexterity]

   Str:       It affects your strength (+5).
   Int:       It affects your intelligence (+4).
   Dex:       It affects your dexterity (+6).
   Stlth:     It makes you more stealthy.
 Z - a +4 ring of evasion
Wands
 k - a wand of acid (29)
 v - a wand of paralysis (46)
 w - a wand of iceblast (21)
 D - a wand of flame (48)
 F - a wand of mindburst (37)
 G - a wand of charming (19)
 O - a wand of digging (19)
Scrolls
 b - 3 scrolls of brand weapon
 c - 5 scrolls of silence
 e - a scroll of enchant armour
 h - 23 scrolls of teleportation {@r4}
 s - 3 scrolls of noise
 t - 4 scrolls of holy word
 x - 4 scrolls of immolation
 A - a scroll of blinking
 B - 5 scrolls of identify {@r1}
 L - 7 scrolls of fog
 M - 4 scrolls of enchant weapon
 U - 2 scrolls of fear
 X - a scroll of magic mapping
 Y - 2 scrolls of summoning
Potions
 a - 3 potions of lignification
 f - 4 potions of brilliance
 g - 5 potions of flight {unknown}
 j - 15 potions of curing {@q1}
 l - 2 potions of cancellation {unknown}
 n - 3 potions of magic
 o - 3 potions of attraction
 r - 4 potions of haste {@q3}
 z - 3 potions of invisibility
 E - 2 potions of berserk rage {unknown}
 H - 8 potions of might {unknown}


   Skills:
 - Level 19.0 Fighting
 - Level 6.1 Armour
 - Level 11.0 Dodging
 - Level 1.5 Stealth
 + Level 14.3 Shields
 + Level 15.4 Spellcasting
 - Level 6.0 Invocations


You couldn't memorise any spells.
You knew the following spells:

 Your Spells              Type           Power      Damage    Failure   Level
a - Summon Hydra          Summ           50%        N/A       2%          7
b - Vampiric Draining     Necr           50%        2d13      0%          3
c - Fulminant Prism       Conj/Hex       50%        3d23      1%          4
d - Shadow Creatures      Summ           N/A        N/A       1%          6
e - Agony                 Necr           100%       N/A       1%          5
f - Pain                  Necr           100%       1d9       0%          1
g - Sting                 Tmut/Pois      100%       1d8       0%          1
h - Conjure Flame         Conj/Fire      100%       6-21      0%          3
i - Animate Skeleton      Necr           100%       N/A       0%          1
j - Ice Form              Ice/Tmut       100%       N/A       1%          4
k - Blade Hands           Tmut           50%        N/A       1%          5
l - Animate Dead          Necr           50%        N/A       1%          4
m - Dispersal             Tloc           50%        N/A       1%          6
n - Poisonous Vapours     Pois/Air       100%       N/A       0%          2
Your spell library was empty.

Dungeon Overview and Level Annotations

Branches:
Dungeon (15/15)            Temple (1/1) D:5            Lair (6/6) D:8
 Shoals (4/4) Lair:4        Snake (4/4) Lair:4        Slime (0/5) Lair:6
    Orc (2/2) D:11            Elf (0/3) Orc:2        Vaults (2/5) D:13
 Depths (0/5) D:15          Sewer (visited)          WizLab (visited)
Gauntlet (visited)
  Crypt: Vaults:2-3

Altars:
Ashenzari
Cheibriados
Dithmenos
Fedhas
Gozag
Makhleb
Nemelex Xobeh
Qazlal
Ru
Sif Muna
Trog
Uskayaw
Vehumet
Wu Jian
Xom
Yredelemnul
The Shining One
Beogh

Shops:
D:4 ?:*=   D:7 =   D:12 =   Orc:2 :([*   Shoals:1 [   Snake:2 !(?=

Annotations:
D:6 1 runed translucent door, Crazy Yiuf
D:8 2 transporters, Harkinian2's ghost, novice MiMo
D:12 1 runed translucent door, exclusion: downstairs
Lair:6 exclusion: 2 oklob plants
Snake:1 Frances
Orc:1 1 runed translucent door, Persephone's ghost, journeyman GnWn
Vaults:1 3 runed translucent doors, Strat's ghost, adept GrHu
Vaults:2 Sojobo


Innate Abilities, Weirdness & Mutations

You are immune to sickness and miasma.
You are immune to poison.
Your flesh is very heat resistant. (rF++)
You are vulnerable to cold. (rC-)
You float through the air rather than walking.
You learn spells naturally, not from books.
Your magical power is your life essence.
You have superior vitality. (+4 HP)
You have supernaturally acute eyesight. (SInv)
Your mind is very acute. (Int +4)
You sometimes lose the ability to read scrolls when taking damage.


Message History

You feel threatened and lose the ability to read scrolls!
* * * LOW HITPOINT WARNING * * *
You are encased in ice.
You block the ironbound thunderhulk's attack.
Your four-headed hydra bites the deep elf pyromancer!
Your four-headed hydra barely misses the deep elf pyromancer.
Your four-headed hydra closely misses the deep elf pyromancer.
Your four-headed hydra misses the deep elf pyromancer.
The ironbound convoker shouts!
The ironbound convoker casts a spell at the ironbound convoker.
The ironbound convoker seems to grow stronger.
The deep elf pyromancer hits your four-headed hydra with a +0 long sword.
The ironbound beastmaster hits your four-headed hydra with a +0 quarterstaff!!!
Your four-headed hydra bites the ironbound beastmaster.
Your four-headed hydra misses the ironbound beastmaster.
Your four-headed hydra barely misses the ironbound beastmaster.
Your four-headed hydra bites the ironbound beastmaster.
Sojobo conjures a fierce blast of wind!
You are blown backwards!
The monsters around you are blown away!
The ironbound convoker points at Sojobo and mumbles some strange words.
Sojobo seems to grow stronger.
The ironbound thunderhulk closely misses you.
The ice encasing you melts away.
The ironbound beastmaster hits something with a +0 quarterstaff!
The deep elf pyromancer mumbles some strange words.
The yaktaur captain wields a +0 arbalest.
The yaktaur captain shoots a bolt.
The bolt hits you!!
* * * LOW HITPOINT WARNING * * *
You block the ironbound thunderhulk's attack.
The ironbound convoker casts a spell at the fire elemental.
The fire elemental seems to grow stronger.
The ironbound thunderhulk hits you with a +2 great mace of draining.
* * * LOW HITPOINT WARNING * * *
The yaktaur captain shoots a bolt.
You block the bolt.
The deep elf pyromancer casts a spell.
The deep elf pyromancer blinks!
You block the ironbound thunderhulk's attack.
The ironbound frostheart calls freezing cold from the walls.
The frost grips you!!
You die...

.........).......
..........○......
........p.○......
........ppE......
########§Q#######
#..# #p.#
###############O.#
#.............@..#
#.............#..#
#..####.####..#..#
#..#.......#..#c.#
#..#.......#..#..#
#..#..###..#..#..#
#.....# #.....#..#
#..#..###..#..#..#
#..#.......#..#


You could see Sojobo (strong, repels missiles), an ironbound thunderhulk, a
yaktaur captain, an ironbound frostheart (strong), an ironbound beastmaster
(strong), 2 ironbound convokers and a fire elemental (summoned, strong).

Vanquished Creatures
  Kirke (D:13)
  3 nagarajas (Snake:4)
  A vault warden (Vaults:2)
  4 ironbound preservers
  Nessos (Lair:5)
  A dire elephant (Gauntlet)
  A minotaur (Gauntlet)
  A blizzard demon (WizLab)
  2 merfolk impalers
  2 fire dragons
  10 naga warriors
  A boulder beetle (D:14)
  4 anacondas
  2 salamander tyrants (Snake:4)
  3 ironbound frosthearts (Vaults:1)
  9 hydras
  A merfolk avatar (Shoals:1)
  11 centaur warriors
  Erica (Lair:2)
  A satyr (Shoals:4)
  2 death knights
  3 two-headed ogres
  An alligator snapping turtle (Shoals:4)
  4 orc high priests
  A tengu warrior (D:15)
  An ironbound beastmaster (Vaults:1)
  5 naga sharpshooters
  4 shock serpents (Snake:4)
  A salamander mystic (Snake:4)
  2 shadow demons (WizLab)
  A death drake (shapeshifter) (D:12)
  3 sea snakes
  8 deep trolls (Vaults:1)
  A swamp dragon (Lair:6)
  2 ironbound convokers (Vaults:1)
  Pikel (D:6)
  4 naga ritualists (Snake:4)
  9 harpies
  A wolf spider (D:14)
  2 lindwurms
  2 deep elf pyromancers
  4 mana vipers
  3 orc knights
  12 ugly things
  3 oklob plants
  2 orc sorcerers (Orc:2)
  7 manticores
  4 fauns
  14 cyclopes
  4 merfolk sirens
  5 salamanders
  23 black mambas
  3 water nymphs
  7 naga magi
  2 vault sentinels (Vaults:1)
  6 guardian serpents
  17 cane toads
  2 unseen horrors
  A gargoyle (D:11)
  4 yaktaurs
  4 rime drakes
  Maggie (D:7)
  15 komodo dragons
  A tengu conjurer (D:13)
  7 merfolk
  10 trolls
  A wind drake (shapeshifter) (D:14)
  2 polar bears
  2 hornets (Lair:6)
  4 snapping turtles
  26 blink frogs
  12 slime creatures
  A dream sheep (Shoals:4)
  2 redbacks (Lair:6)
  A water elemental (Shoals:2)
  46 yaks
  A fire bat (shapeshifter) (Vaults:1)
  15 wyverns
  3 wraiths
  Eustachio (D:5)
  A basilisk (shapeshifter) (D:15)
  A hog (D:13)
  5 basilisks
  13 vampire mosquitoes
  3 swamp worms (Gauntlet)
  3 steam dragons
  A warg (D:15)
  23 nagas
  3 acid dragons
  19 water moccasins
  A nameless horror (Shoals:4)
  A sky beast (D:6)
  2 swamp drakes (Lair:6)
  26 orc warriors
  A necrophage (D:7)
  5 ogres
  12 boggarts
  17 wolves
  10 centaurs
  A centaur (shapeshifter) (Gauntlet)
  A lemure (D:6)
  2 phantoms
  10 bullfrogs
  6 kobold brigands
  Blork the orc (D:5)
  2 scorpions (D:4)
  A wyvern skeleton (D:5)
  10 wights
  6 killer bees (D:7)
  7 howler monkeys
  4 centaur zombies
  2 centaur skeletons
  3 hounds
  7 orc priests
  4 iguanas
  3 hell rats (Lair:1)
  26 orc wizards
  A howler monkey skeleton (D:5)
  4 river rats
  9 adders
  3 white imps
  2 ufetubi
  3 worms (Sewer)
  2 dart slugs
  31 orcs
  9 ball pythons
  4 bats
  6 endoplasms
  5 giant cockroaches
  4 goblins
  8 hobgoblins
  4 jackals (D:5)
  8 quokkas
  5 frilled lizards
  15 kobolds
  14 rats
  2 butterflies
778 creatures vanquished.

Vanquished Creatures (collateral kills)
  A kraken (Shoals:3)
  Ilsuiw (Shoals:2)
  10 nagarajas
  A fire giant (Vaults:2)
  An orc warlord (Orc:2)
  Louise (Shoals:4)
  A balrug (WizLab)
  A cacodemon (WizLab)
  2 vault wardens
  A blood saint (WizLab)
  A stone giant (D:15)
  A dire elephant (Vaults:1)
  7 merfolk javelineers
  2 green deaths (WizLab)
  6 merfolk impalers
  4 salamander tyrants
  A rakshasa (D:15)
  16 naga warriors
  2 anacondas
  A hell beast (WizLab)
  A centaur warrior (Vaults:1)
  3 merfolk avatars
  An ironbound frostheart (Vaults:2)
  3 alligator snapping turtles
  7 merfolk aquamancers (Shoals:4)
  A satyr (Shoals:4)
  An orc high priest (Orc:2)
  8 naga sharpshooters
  3 ironbound beastmasters (Vaults:1)
  3 shock serpents
  3 sun demons (WizLab)
  3 salamander mystics
  5 sea snakes
  10 deep trolls (Vaults:1)
  A shadow demon (WizLab)
  3 lindwurms (Vaults:1)
  4 harpies
  2 naga ritualists
  A wizard (Vaults:1)
  4 ironbound convokers
  2 ugly things (Vaults:1)
  An orc knight (Orc:2)
  5 mana vipers
  11 salamanders
  5 fauns
  2 cyclopes
  3 vault sentinels
  8 manticores
  2 elephants (Gauntlet)
  3 black mambas
  A rust devil (WizLab)
  8 merfolk sirens
  A guardian serpent (Snake:1)
  7 naga magi
  A gargoyle (D:13)
  8 water nymphs
  4 orange demons (WizLab)
  An efreet (D:13)
  A hellion (WizLab)
  2 yaktaurs (Vaults:2)
  A hellwing (WizLab)
  2 red devils (WizLab)
  2 trolls
  27 merfolk
  6 wind drakes
  4 snapping turtles
  7 dream sheep
  2 wyverns (Lair:6)
  17 water elementals
  A chaos spawn (WizLab)
  A neqoxec (WizLab)
  3 vampire mosquitoes (D:12)
  21 nagas
  A water moccasin (Lair:6)
  An ogre (Orc:2)
  5 orc warriors (Orc:2)
  3 boggarts (Vaults:1)
  6 nameless horrors
  2 orc wizards (Orc:2)
  2 orcs (Orc:2)
  3 tentacles (Shoals:3)
321 creatures vanquished.

Vanquished Creatures (others)
  A two-headed ogre (D:9)
  A lindwurm (Vaults:1)
  2 humans (D:13)
  A naga (Snake:4)
  2 boggarts (Vaults:1)
  235 fulminant prisms
  62 fungi
  129 plants
  5 tentacles (Shoals:3)
  A withered plant (Gauntlet)
439 creatures vanquished.

Grand Total: 1538 creatures vanquished

Notes
Turn   | Place    | Note
-------+----------+-------------------------------------------
     0 | D:1      | freelancePsychic the Djinni Necromancer began the quest for
                  | the Orb.
     0 | D:1      | Reached XP level 1. HP: 15/15 MP: 0/0
   415 | D:1      | Reached XP level 2. HP: 6/22 MP: 0/0
  1228 | D:1      | Found a faded altar of an unknown god.
  1478 | D:1      | Reached skill level 1 in Fighting
  1796 | D:1      | Reached XP level 3. HP: 18/27 MP: 0/0
  1796 | D:1      | Learned a level 1 spell: Sting
  2678 | D:2      | You are sucked into a shaft and drop 2 floors!
  2754 | D:3      | Identified a scroll of acquirement
  2754 | D:3      | Acquired the ring "Tyun" {rF+ Will+ Str+2}
  2784 | D:3      | Reached XP level 4. HP: 32/32 MP: 0/0
  3361 | D:3      | Found a glowing drain.
  3377 | Sewer    | Entered a sewer
  3500 | Sewer    | Noticed a kobold brigand
  3515 | Sewer    | Killed a kobold brigand
  3516 | Sewer    | Reached skill level 2 in Fighting
  3516 | Sewer    | Reached XP level 5. HP: 26/39 MP: 0/0
  3516 | Sewer    | Learned a level 2 spell: Poisonous Vapours
  3640 | Sewer    | Noticed a kobold brigand
  3652 | Sewer    | Killed a kobold brigand
  3653 | Sewer    | Reached XP level 6. HP: 25/45 MP: 0/0
  4068 | Sewer    | Reached skill level 3 in Fighting
  4068 | Sewer    | Reached skill level 5 in Spellcasting
  4311 | Sewer    | Reached XP level 7. HP: 40/50 MP: 0/0
  4311 | Sewer    | Learned a level 3 spell: Conjure Flame
  4457 | Sewer    | Acquired the ring "Fulomm" {rElec Will+ AC+4 Int+6 Dex-3}
  5148 | D:4      | Found Cugirph's Book Emporium.
  5155 | D:4      | Reached skill level 4 in Fighting
  5596 | D:4      | Reached XP level 8. HP: 44/58 MP: 0/0
  5886 | D:4      | Found Koruinub's Magic Scroll Shoppe.
  5889 | D:4      | Bought a scroll of blinking for 90 gold pieces
  5925 | D:4      | Found Nagoam's Jewellery Emporium.
  6049 | D:4      | Found Yhihurghu's Assorted Antiques.
  6348 | D:5      | Entered Level 5 of the Dungeon
  6369 | D:5      | Reached skill level 5 in Fighting
  6387 | D:5      | Noticed Blork the orc
  6394 | D:5      | Killed Blork the orc
  6549 | D:5      | Found a staircase to the Ecumenical Temple.
  6580 | Temple   | Entered the Ecumenical Temple
  6625 | Temple   | Became a worshipper of Makhleb the Destroyer
  7184 | D:5      | Noticed Eustachio
  7194 | D:5      | Killed Eustachio
  7622 | D:6      | Noticed a wraith
  8151 | D:5      | Reached XP level 9. HP: 66/66 MP: 0/0
  8151 | D:5      | Learned a level 4 spell: Fulminant Prism
  8341 | D:6      | Reached skill level 6 in Fighting
  8669 | D:6      | Noticed Pikel
  8680 | D:6      | Killed Pikel
  8680 | D:6      | Reached * piety under Makhleb
  8912 | D:6      | Found a runed translucent door.
  8913 | D:6      | Noticed Crazy Yiuf
  8936 | D:6      | Found a blossoming altar of Fedhas.
  9389 | D:7      | Reached skill level 7 in Fighting
  9890 | D:7      | Found Boyxt's Jewellery Emporium.
  9900 | D:7      | Noticed Maggie
 10082 | D:8      | Reached XP level 10. HP: 43/75 MP: 0/0
 10083 | D:8      | Noticed Harkinian2's ghost (novice MiMo)
 10090 | D:8      | Reached skill level 8 in Fighting
 10398 | D:8      | Found a transporter.
 10412 | D:8      | Found a transporter.
 10746 | D:8      | Identified the +7 war axe of Cenuh {vorpal, rF+ Str+4}
 10780 | D:8      | Found a staircase to the Lair.
 11152 | D:9      | Reached skill level 10 in Spellcasting
 11261 | D:9      | Killed a two-headed ogre
 11361 | D:9      | Reached skill level 9 in Fighting
 11363 | D:9      | Reached XP level 11. HP: 80/84 MP: 0/0
 11363 | D:9      | Learned a level 4 spell: Ice Form
 11390 | D:9      | Noticed a two-headed ogre
 11398 | D:9      | Killed a two-headed ogre
 11731 | D:9      | Reached ** piety under Makhleb
 12233 | D:7      | Killed Maggie
 12898 | D:7      | Noticed a death knight
 12910 | D:7      | Killed a death knight
 12911 | D:7      | Reached skill level 10 in Fighting
 13318 | D:10     | Entered Level 10 of the Dungeon
 13332 | D:10     | Noticed a two-headed ogre
 13340 | D:10     | Killed a two-headed ogre
 14006 | D:11     | Found a staircase to the Orcish Mines.
 14010 | D:11     | Noticed an eight-headed hydra
 14018 | D:11     | Reached XP level 12. HP: 84/92 MP: 0/0
 14034 | D:11     | Killed an eight-headed hydra
 14428 | D:11     | Reached *** piety under Makhleb
 14431 | D:11     | Noticed a two-headed ogre
 14444 | D:11     | Killed a two-headed ogre
 14445 | D:11     | Reached skill level 11 in Fighting
 14460 | D:11     | Reached skill level 5 in Dodging
 14817 | Orc:1    | Entered Level 1 of the Orcish Mines
 14817 | Orc:1    | Noticed an orc high priest
 14824 | Orc:1    | Killed an orc high priest
 15065 | Orc:1    | Found a runed translucent door.
 15100 | Orc:1    | Noticed Persephone's ghost (journeyman GnWn)
 15128 | Orc:2    | Entered Level 2 of the Orcish Mines
 15297 | Lair:1   | Entered Level 1 of the Lair of Beasts
 15426 | Lair:1   | Reached XP level 13. HP: 94/100 MP: 0/0
 15426 | Lair:1   | Learned a level 5 spell: Blade Hands
 15532 | Lair:1   | Noticed a five-headed hydra
 15539 | Lair:1   | Killed a five-headed hydra
 15642 | Lair:1   | Reached **** piety under Makhleb
 15913 | Lair:1   | Reached skill level 12 in Fighting
 15918 | Lair:1   | Identified the ring of the Marlin {Wiz rF+ Will- Str+3
                  | Slay+3}
 16455 | Lair:2   | Noticed a four-headed hydra
 16456 | Lair:2   | Noticed an eight-headed hydra
 16464 | Lair:2   | Killed an eight-headed hydra
 16464 | Lair:2   | Killed a four-headed hydra
 16835 | Lair:2   | Noticed Erica
 16843 | Lair:2   | Killed Erica
 17075 | Lair:3   | Noticed a five-headed hydra
 17083 | Lair:3   | Killed a five-headed hydra
 17670 | Lair:2   | Identified the +1 ring mail of Lugonu's Outrage {rElec
                  | rPois rC- Str+2}
 17696 | Lair:4   | Found a staircase to the Shoals.
 17767 | Lair:4   | Reached ***** piety under Makhleb
 17902 | Lair:4   | Found a staircase to the Snake Pit.
 17914 | Lair:4   | Reached XP level 14. HP: 75/108 MP: 0/0
 17920 | Lair:4   | Reached skill level 13 in Fighting
 18381 | Lair:5   | Reached skill level 1 in Invocations
 18599 | D:7      | Bought the amulet of Vitality {Regen+ HP+15} for 948 gold
                  | pieces
 18599 | D:7      | Found the amulet of Vitality {Regen+ HP+15}
 18730 | Lair:5   | Noticed Nessos
 18746 | Lair:5   | Killed Nessos
 19486 | Lair:6   | Entered Level 6 of the Lair of Beasts
 19867 | Lair:6   | Reached skill level 5 in Invocations
 19899 | Lair:6   | Found a staircase to the Slime Pits.
 20084 | Lair:6   | Reached skill level 14 in Fighting
 20183 | Lair:6   | Reached ****** piety under Makhleb
 20187 | Lair:6   | HP: 5/127 [blink frog (11)]
 20313 | Lair:6   | Reached XP level 15. HP: 117/117 MP: 0/0
 20313 | Lair:6   | Learned a level 6 spell: Shadow Creatures
 20926 | Orc:2    | Noticed an orc warlord
 20946 | Orc:2    | Killed an orc warlord
 21023 | Orc:2    | Found Xeniazujife's General Store.
 21042 | Orc:2    | Found Coloamef's Antique Armour Shop.
 21210 | Orc:2    | Found Nereess's Antique Weapon Shop.
 21247 | Orc:2    | Found Rogif's Book Shop.
 21299 | Orc:2    | Reached skill level 1 in Armour
 21315 | Orc:2    | Found a staircase to the Elven Halls.
 21994 | D:12     | Found Nookkar's Jewellery Shoppe.
 22334 | D:12     | Found a runed translucent door.
 22344 | D:12     | Noticed a tengu reaver
 22357 | D:12     | Reached skill level 15 in Fighting
 22365 | D:12     | Noticed a storm dragon
 23000 | D:13     | Reached skill level 1 in Shields
 23000 | D:13     | Noticed Kirke
 23013 | D:13     | Killed Kirke
 23022 | D:13     | Noticed an ironbound preserver
 23049 | D:13     | Killed an ironbound preserver
 23057 | D:13     | Reached XP level 16. HP: 57/126 MP: 0/0
 23156 | D:13     | Found a gate to the Vaults.
 23811 | D:14     | Reached skill level 5 in Armour
 24161 | D:15     | Entered Level 15 of the Dungeon
 24360 | D:15     | Found a staircase to the Depths.
 24389 | D:15     | Found a sacrificial altar of Ru.
 24459 | D:15     | Found a burning altar of Makhleb.
 24517 | D:15     | Found a gate leading to a gauntlet.
 24526 | Gauntlet | Entered a Gauntlet
 24526 | Gauntlet | Found a transporter.
 24526 | Gauntlet | Found a transporter.
 24539 | Gauntlet | Found a transporter.
 24557 | Gauntlet | Found a transporter.
 24557 | Gauntlet | Found a transporter.
 24560 | Gauntlet | Found a transporter.
 24560 | Gauntlet | Found a transporter.
 24570 | Gauntlet | Found a runed translucent gate.
 24570 | Gauntlet | Found a runed translucent gate.
 24570 | Gauntlet | Found a runed translucent gate.
 24572 | Gauntlet | Found a transporter.
 24590 | Gauntlet | Found a transporter.
 24599 | Gauntlet | Found a runed translucent door.
 24600 | Gauntlet | Found a transporter.
 24601 | Gauntlet | Found a runed translucent door.
 24615 | Gauntlet | Found a transporter.
 24628 | Gauntlet | Found a transporter.
 24635 | Gauntlet | Found a transporter.
 24650 | Gauntlet | Found a transporter.
 24876 | Gauntlet | Identified the ring of Wufe {Str+5 Int+4 Dex+6 Stlth+}
 25553 | Snake:1  | Entered Level 1 of the Snake Pit
 25563 | Snake:1  | Reached skill level 5 in Shields
 25727 | Snake:1  | Noticed Frances
 25855 | Snake:2  | Reached skill level 10 in Dodging
 25862 | Snake:2  | Reached skill level 16 in Fighting
 26049 | Snake:2  | Noticed a nagaraja
 26084 | Snake:2  | Killed a nagaraja
 26230 | Snake:2  | Reached XP level 17. HP: 91/133 MP: 0/0
 26230 | Snake:2  | Learned a level 6 spell: Dispersal
 26501 | Snake:2  | Found Eferojik's Weapon Emporium.
 26503 | Snake:2  | Found Cojap's Jewellery Emporium.
 26513 | Snake:2  | Found Feiset's Distillery.
 26515 | Snake:2  | Found Lakka's Magic Scroll Emporium.
 26519 | Snake:2  | Bought a potion of heal wounds for 95 gold pieces
 26910 | Snake:3  | Found a basalt altar of Yredelemnul.
 27522 | Snake:4  | Entered Level 4 of the Snake Pit
 27929 | Snake:4  | Reached skill level 17 in Fighting
 28382 | Snake:4  | Reached skill level 10 in Shields
 28382 | Snake:4  | Reached XP level 18. HP: 141/143 MP: 0/0
 28901 | Snake:4  | Got a serpentine rune of Zot
 29431 | Vaults:1 | Entered Level 1 of the Vaults
 29528 | Vaults:1 | Reached skill level 18 in Fighting
 30082 | Vaults:1 | Found a magical portal.
 30088 | WizLab   | Entered The Hall of the Hellbinder
 30317 | WizLab   | Gained mutation: You are clumsy. (Dex -2) [a cacodemon]
 30320 | WizLab   | Gained mutation: You are very clumsy. (Dex -4) [a
                  | cacodemon]
 30321 | WizLab   | Gained mutation: You are occasionally teleported next to
                  | monsters. [a cacodemon]
 30388 | Vaults:1 | Lost mutation: You are very clumsy. (Dex -4) [potion of
                  | mutation]
 30388 | Vaults:1 | Gained mutation: You are very clumsy. (Dex -4) [potion of
                  | mutation]
 30388 | Vaults:1 | Gained mutation: Your muscles are strong. (Str +2) [potion
                  | of mutation]
 30389 | Vaults:1 | Lost mutation: You are very clumsy. (Dex -4) [potion of
                  | mutation]
 30389 | Vaults:1 | Lost mutation: You are clumsy. (Dex -2) [potion of
                  | mutation]
 30389 | Vaults:1 | Gained mutation: You are agile. (Dex +2) [potion of
                  | mutation]
 30390 | Vaults:1 | Lost mutation: You are agile. (Dex +2) [potion of mutation]
 30390 | Vaults:1 | Lost mutation: Your muscles are strong. (Str +2) [potion of
                  | mutation]
 30390 | Vaults:1 | Gained mutation: Your mind is acute. (Int +2) [potion of
                  | mutation]
 30390 | Vaults:1 | Gained mutation: You are robust. (+10% HP) [potion of
                  | mutation]
 30390 | Vaults:1 | Gained mutation: You have supernaturally acute eyesight.
                  | (SInv) [potion of mutation]
 30643 | Vaults:1 | Found a runed translucent gate.
 30643 | Vaults:1 | Found a runed translucent gate.
 30643 | Vaults:1 | Found a runed translucent gate.
 30645 | Vaults:1 | Noticed Strat's ghost (adept GrHu)
 30998 | Vaults:1 | Reached XP level 19. HP: 167/167 MP: 0/0
 30998 | Vaults:1 | Learned a level 7 spell: Summon Hydra
 31516 | Snake:2  | Bought a potion of mutation for 152 gold pieces
 31516 | Snake:2  | Lost mutation: You are occasionally teleported next to
                  | monsters. [potion of mutation]
 31516 | Snake:2  | Lost mutation: You are robust. (+10% HP) [potion of
                  | mutation]
 31516 | Snake:2  | Gained mutation: You sometimes lose the ability to read
                  | scrolls when taking damage. [potion of mutation]
 31516 | Snake:2  | Gained mutation: Your mind is very acute. (Int +4) [potion
                  | of mutation]
 31602 | Shoals:1 | Entered Level 1 of the Shoals
 31825 | Shoals:1 | Found Beelyosk's Antique Armour Emporium.
 32204 | Shoals:2 | Noticed Ilsuiw
 32325 | Shoals:2 | Reached skill level 19 in Fighting
 32431 | Shoals:2 | Killed Ilsuiw
 33288 | Shoals:4 | Entered Level 4 of the Shoals
 33303 | Shoals:4 | Reached skill level 15 in Spellcasting
 34047 | Shoals:4 | Found the +8 demon trident "Rift" {distort, reach+}
 34329 | Shoals:4 | Noticed Louise
 34349 | Shoals:4 | Killed Louise
 34397 | Shoals:4 | Identified the ring of the Last Spines {Fire rPois Str+4
                  | SInv}
 35091 | Shoals:4 | Got a barnacled rune of Zot
 35396 | Vaults:2 | Noticed Sojobo
 35624 | Vaults:2 | Acquired 815 gold pieces
 35680 | Vaults:2 | HP: 2/168 [ironbound frostheart/creeping frost (19)]
 35753 | Vaults:2 | Killed from afar by an ironbound frostheart

Illustrated notes

Levels and vault maps discovered:
D:1:      psy_arrival_whirlpool, layout_basic,
          hellmonk_ecumenical_altar_pennies_from_heaven
D:2:      layout_loops_ring
D:3:      layout_basic, gup_sewer_entry_pipe, roderic_serpentine_path
D:4:      layout_loops_ring, serial_shops, kennysheep_mini, nicolae_square_shop,
          shop, nicolae_take_the_stairs, chequers_serial_rivers_large_a,
          dk_vineyard_2
D:5:      layout_gridville, minmay_temple_entry_statues_pillars,
          uniq_blork_the_orc, uniq_eustachio
D:6:      layout_gridville, fedhas_altar_1, minmay_misc_feat_more_columns,
          kennysheep_another_room, uniq_pikel, uniq_crazy_yiuf_cottage
D:7:      layout_rooms, serial_shops,
          nicolae_shop_temple_entry_statues_fountains, kb_rosetta, uniq_maggie
D:8:      layout_basic, lair_entry_dummy, gammafunk_ghost_mausoleum,
          minmay_misc_feat_enclosed
D:9:      layout_loops_ring, lemuel_flamethrower_2
D:10:     layout_rooms, fountainhead, hangedman_abyss_or_decor_stagger
D:11:     layout_roguey, orc_0_dummy, serial_aquarium, aquarium_bridge_straight
          [aquarium_subvault_bridge, aquarium_subvault_window,
          aquarium_subvault_bridge, aquarium_subvault_wall], aquarium_window_2,
          aquarium_window_3, aquarium_view_2d, aquarium_view_2c,
          aquarium_pool_corner
D:12:     layout_roguey, serial_shops, nicolae_shop_behind_doors,
          minmay_hidden_floor
D:13:     layout_cave_pools, skrybe_vaults_entry_preservation,
          grunt_decor_one_mirror, uniq_kirke
D:14:     layout_roguey, nrook_mini_vaults
D:15:     grunt_enter_depths_giant_problem, layout_long_grid,
          nicolae_ru_sacrificial_ziggurat, gauntlet_entry_generic,
          bloody_makhleb
Temple:   nicolae_temple_the_god_donut
Lair:1:   layout_cellular_growth, serial_bayou_pond_e, serial_bayou_ford_a,
          kennysheep_abandoned_house
Lair:2:   layout_big_grid, beast_lair_carwin_2, lemuel_fruit_fields,
          minmay_lair_oklob_chamber, lemuel_fruit_fields, serial_bayou_shore_b,
          uniq_erica
Lair:3:   layout_roguey
Lair:4:   layout_loops_ring, elwin_shoals_entry_rocks, dummy_snake_entry,
          grunt_megastairs_3
Lair:5:   layout_regular_city, uniq_nessos
Lair:6:   hangedman_lair_tendril_chambers, layout_long_grid,
          guppyfry_lair_end_dragon, minmay_slime_entry_oklob_open
Shoals:1: layout_shoals, serial_shops, shop, yaktaur_hedge
Shoals:2: layout_shoals, nicolae_shoals_elemental_ambush, uniq_ilsuiw
Shoals:3: layout_shoals
Shoals:4: shoals_end_simple, layout_shoals, uniq_louise
Snake:1:  layout_honeycomb, uniq_agnes, uniq_josephine, uniq_frances
Snake:2:  layout_honeycomb, nicolae_snake_serpentine_bazaar
Snake:3:  layout_rooms, basic_altar, grunt_megastairs_1
Snake:4:  grunt_snake_rune_spirals, layout_onion_interference,
          nicolae_snake_storage_room
Orc:1:    layout_caves, ebering_ghost_reflecting_pool
Orc:2:    grunt_orc_gardens, layout_caves, grunt_orc_garden, grunt_orc_garden,
          grunt_orc_garden, grunt_orc_garden, basic_altar, lemuel_statue_altar
Vaults:1: gammafunk_vaults_ghost_necromancy, vaults_room_pools,
          nicolae_vaults_little_squares_2, nicolae_vaults_little_squares_2,
          ontoclasm_vaults_water_temple, grunt_vaults_hallway_short,
          nicolae_vaults_little_squares_1, v_misc_31, dpeg_vaults_monster_box,
          v_pattern_3, ontoclasm_vaults_misaligned,
          nicolae_vaults_diagonal_hallway_6, grunt_vaults_bifocal,
          nicolae_vaults_shelves_hall, nicolae_vaults_network_square,
          layout_vaults_maze_snakey, infiniplex_enter_wizlab_spiral
Vaults:2: hangedman_vaults_trim, hangedman_vaults_snaps,
          vaults_room_fancy_cross, v_alt_pattern_4,
          nicolae_vaults_network_quinsquares
          [nicolae_vaults_network_quincunx_subvault,
          nicolae_vaults_network_quincunx_subvault,
          nicolae_vaults_network_quincunx_subvault,
          nicolae_vaults_network_quincunx_subvault],
          nicolae_vaults_little_squares_3, nicolae_vaults_sealed_display,
          ontoclasm_vaults_loading_screen, layout_vaults_quadrants, uniq_sojobo

Skill      XL: |  1  2  3  4  5  6  7  8  9 10 11 12 13 14 15 16 17 18 19 |
---------------+----------------------------------------------------------+-----
Fighting       | 1 2 3 4 5 7 9 10 11 12 14 15 16 17 18 19 | 19.0
Spellcasting   | 4 5 6 7 9 10 11 12 13 14 15 | 15.4
Dodging        | 6 9 10 11 | 11.0
Invocations    | 6 |  6.0
Armour         | 3 6 |  6.1
Shields        | 4 6 10 12 14 | 14.3
Stealth        | |  1.5

Action                   |  1- 3 |  4- 6 |  7- 9 | 10-12 | 13-15 | 16-18 | 19-21 || total
-------------------------+-------+-------+-------+-------+-------+-------+-------++-------
Melee: Dagger            |     7 |     9 |   144 |    33 |   113 |    43 |    55 ||   404
 Cast: Pain              |    37 |       |       |       |       |       |       ||    37
       Sting             |    28 |    33 |    23 |       |       |       |       ||    84
       Vampiric Draining |       |    19 |    59 |   139 |   613 |   795 |   235 ||  1860
       Poisonous Vapours |       |    24 |    33 |       |       |       |       ||    57
       Conjure Flame     |       |       |     1 |       |     1 |       |       ||     2
       Fulminant Prism   |       |       |    33 |    73 |   104 |    23 |     3 ||   236
       Shadow Creatures  |       |       |       |       |    21 |   183 |    44 ||   248
       Dispersal         |       |       |       |       |       |    11 |     4 ||    15
       Summon Hydra      |       |       |       |       |       |       |   182 ||   182
Invok: Lesser Servant of |       |       |       |       |       |     1 |       ||     1
Evoke: Wand              |       |       |     2 |       |     1 |     1 |       ||     4
  Use: Scroll            |     1 |     3 |     4 |     6 |    10 |    10 |     2 ||    36
       Potion            |       |       |       |       |       |     9 |     8 ||    17
 Stab: Sleeping          |     1 |       |     3 |       |       |     1 |       ||     5
       Paralysed         |       |       |       |       |     3 |       |       ||     3
       Distracted        |       |       |       |       |       |     1 |     1 ||     2
Armor: Robe              |     6 |    11 |   111 |    59 |       |       |       ||   187
       Troll leather arm |       |       |       |    31 |   387 |   392 |   106 ||   916
Dodge: Dodged            |    17 |    20 |   134 |   144 |   645 |   746 |   265 ||  1971
Block: Buckler           |       |       |       |       |       |   221 |       ||   221
       Kite shield       |       |       |       |       |       |   185 |   363 ||   548
